Description

heromarines 3cc 2-1-1 stim build. Attacks frequently , uses some drops to prevent the zerg from F2ing. pay attention to your attacks and trade efficently, game mostly decided at around 7 min. Comp marine tank some widowmines.

Replay - HeroMarine v Lambo: Game 3 - 2000 Atmospheres LE

Build Order

Get SALT Encoding   

  12  0:00  SCV  
  13  0:12  SCV  
  14  0:16  Supply Depot  
  14  0:24  SCV  
  15  0:38  SCV  
  15  0:40  Barracks  
  16  0:43  Refinery  
  16  0:50  SCV  
  17  1:02  SCV  
  18  1:14  SCV  
  19  1:26  Reaper  
  19  1:27  Orbital Command  
  20  1:39  Command Center  
  20  1:48  Supply Depot  
  20  1:52  SCV  
  21  1:58  Marine  
  22  2:04  SCV  
  23  2:10  Factory  
  23  2:16  SCV  
  23  2:20  Barracks Reactor  
  24  2:28  SCV  
  25  2:40  SCV  
  25  2:41  Command Center  
  26  2:51  Orbital Command  
  26  2:52  SCV  
  27  3:02  Marine x2  
  27  3:03  Factory Tech Lab  
  27  3:04  SCV  
  29  3:16  SCV  
  30  3:23  SCV  
  31  3:28  Barracks  
  31  3:29  SCV  
  31  3:30  Hellion x2  
  31  3:32  Stimpack  
  31  3:33  Marine  
  37  3:36  SCV x2  
  40  3:48  SCV x2  
  40  3:51  Marine, Hellion x2  
  40  3:55  Orbital Command  
  46  4:00  SCV x2  
  46  4:01  Refinery  
  47  4:07  Starport  
  47  4:09  Marine  
  49  4:12  SCV x2  
  50  4:20  SCV x2  
  50  4:21  Refinery, Factory Reactor  
  50  4:23  Marine x3  
  54  4:29  SCV x2  
  54  4:30  Supply Depot x2  
  57  4:37  SCV  
  59  4:40  Marine x2  
  61  4:48  Engineering Bay x2  
  61  4:49  Refinery  
  61  4:52  Marine, SCV x3  
  65  4:56  Supply Depot  
  65  4:58  Marine x2  
  67  5:03  Medivac x2  
  67  5:04  SCV x2  
  67  5:06  Orbital Command  
  74  5:07  Supply Depot  
  74  5:11  Marine, Factory Reactor  
  74  5:14  Barracks  
  74  5:16  SCV x2  
  74  5:18  Terran Infantry Weapons Level 1  
  74  5:19  Terran Infantry Armor Level 1  
  76  5:25  Marine x3  
  79  5:28  SCV  
  79  5:31  Combat Shield  
  79  5:32  Supply Depot  
  79  5:34  SCV x2  
  82  5:40  SCV  
  83  5:43  Marine x3  
  83  5:46  SCV x2  
  83  5:47  Medivac x2  
  92  5:52  SCV  
  92  5:54  Supply Depot x2  
  93  5:58  SCV x2  
  93  6:01  Marine x2  
  93  6:03  Barracks Reactor, Hellion x2  
  101  6:07  Armory  
  101  6:12  Supply Depot  
  101  6:15  SCV x3  
  101  6:17  Supply Depot  
  104  6:22  Marine x3  
  104  6:25  Hellion x2, Medivac x2  
  117  6:36  Barracks x2  
  117  6:37  SCV x3  
  117  6:39  Marine x5  
  121  6:50  SCV x3  
  126  6:54  Hellion x2  
  126  6:56  Medivac x2  
  126  6:57  Marine  
  133  7:02  Supply Depot x2  
  133  7:04  Marine x3  
  136  7:12  Marine x2  
  128  7:17  Terran Infantry Weapons Level 2, Factory  
  128  7:18  Refinery  
  128  7:20  Terran Infantry Armor Level 2  
  128  7:22  Marine x3  
  129  7:24  Widow Mine x2  
  136  7:30  SCV x3  
  136  7:33  Marine  
  136  7:35  Barracks Reactor  
  132  7:41  Marine x3  
  132  7:42  Medivac x2  
  128  7:45  SCV  
  128  7:46  Hellion x2  
  128  7:48  Marine x2  
  128  7:49  Refinery  
  128  7:50  Barracks Reactor, Supply Depot  
  136  7:59  Marine x3  
  136  8:01  Barracks x3  
  139  8:06  Marine x2, Factory Tech Lab  
  137  8:13  SCV x3  
  137  8:16  Marine  
  131  8:21  Command Center  
  131  8:26  Widow Mine x2, Siege Tank  
  128  8:28  Medivac x2  
  128  8:29  Marine x2  
  132  8:36  Marine x7  
  131  8:45  Supply Depot  
  131  8:47  Marine x2  
  133  8:53  Barracks Tech Lab x2  
  133  8:54  Marine x7  
  135  8:57  SCV x3  
  135  9:00  Siege Tank  
  135  9:01  Factory Tech Lab  
  148  9:04  Marine x4  
  149  9:12  Marine  
  146  9:17  Medivac x2  
  146  9:18  Sensor Tower, Marauder x3  
  146  9:21  Marine x2  
  153  9:32  Siege Tank  
  153  9:33  Marine x8  
  164  9:39  Marauder x2  
  156  9:54  Marauder  
  156  9:55  Marine x8  
Spawning Tool Build Advisor. Get it on Overwolf

Go to:

Details

  • Created by: lucahecker
  • Published on: Feb 27, 2022
  • Modified on: Feb 27, 2022
  • Patch: 4.11.0
  • Difficulty: Hard
Show
View Real Time Build Order
Export as new Build Order

Comments (0)

There are no comments. Be the first!

Create an account to comment!